 Dungeon Crawl Stone Soup version 0.22.1-1-ga44c0e56f4 (webtiles) character file.

15155 AxeAttX the Covert (level 12, -10/86 HPs)
             Began as an Octopode Monk on Nov 1, 2018.
             Was an Elder of Dithmenos.
             Mangled by a five-headed hydra (14 damage)
             ... on level 3 of the Lair of Beasts.
             The game lasted 00:33:24 (12625 turns).

AxeAttX the Covert (Octopode Monk)                 Turns: 12625, Time: 00:33:25

Health: -10/86     AC:  5    Str: 11    XL:     12   Next: 24%
Magic:  15/15      EV: 22    Int: 16    God:    Dithmenos [****..]
Gold:   307        SH: 10    Dex: 21    Spells: 9/15 levels left

rFire    . . .     SeeInvis .   J - +2 dagger (venom)
rCold    + . .     Gourm    .   g - +1 buckler
rNeg     . . .     Faith    .   (helmet restricted)
rPois    .         Spirit   .   j - +3 amulet of reflection
rElec    .         Reflect  +   p - +4 ring of protection
rCorr    +         Harm     .   m - ring of protection from magic
MR       +....                  v - ring of stealth
Stlth    ++++++++++             c - ring of protection from cold
HPRegen  0.24/turn              u - +1 ring of evasion
MPRegen  0.14/turn              K - +3 ring of intelligence
                                k - ring of resist corrosion
                                E - +3 ring of dexterity

@: wreathed by umbra
A: almost no armour, stealthy swim, amphibious, 8 rings, constrict 8, camouflage
1, gelatinous body 1
a: Shadow Step, Renounce Religion


You were on level 3 of the Lair of Beasts.
You worshipped Dithmenos.
Dithmenos was greatly pleased with you.
You were not hungry.

You visited 2 branches of the dungeon, and saw 12 of its levels.

You collected 607 gold pieces.
You spent 300 gold pieces at shops.

Inventory:

Hand Weapons
 a - a +0 short sword
 f - a +0 dagger of holy wrath
   (You found it on level 4 of the Dungeon)
 o - a +0 rapier
   (You took it off Duvessa on level 6 of the Dungeon)
 F - a +2 dagger of draining
   (You took it off a kobold on level 1 of the Dungeon)
 J - a +2 dagger of venom (weapon)
   (You took it off an orc wizard on level 9 of the Dungeon)
 N - a cursed +0 arbalest
   (You found it on level 8 of the Dungeon)
Missiles
 O - 3 poisoned javelins (quivered)
Armour
 g - a +1 buckler (worn)
   (You took it off a kobold on level 1 of the Dungeon)
Jewellery
 c - a ring of protection from cold (on tentacle)
   (You found it on level 3 of the Dungeon)
 j - a +3 amulet of reflection (around mantle)
   (You took it off a kobold on level 1 of the Dungeon)
 k - a ring of resist corrosion (on tentacle)
   (You found it on level 1 of the Lair of Beasts)
 m - a ring of protection from magic (right tentacle)
   (You found it on level 2 of the Dungeon)
 p - a +4 ring of protection (left tentacle)
   (You found it on level 1 of the Dungeon)
 u - a +1 ring of evasion (on tentacle)
   (You found it on level 4 of the Dungeon)
 v - a ring of stealth (on tentacle)
   (You found it on level 3 of the Dungeon)
 E - a +3 ring of dexterity (on tentacle)
   (You found it on level 1 of the Lair of Beasts)
 I - an uncursed amulet of regeneration
   (You found it on level 8 of the Dungeon)
 K - a +3 ring of intelligence (on tentacle)
   (You found it on level 8 of the Dungeon)
 L - an uncursed ring of ice
   (You found it on level 7 of the Dungeon)
Wands
 s - a wand of polymorph (11)
   (You found it on level 5 of the Dungeon)
 P - a wand of flame (34)
   (You found it on level 1 of the Lair of Beasts)
Scrolls
 b - 3 scrolls of magic mapping
 q - 5 scrolls of remove curse
 r - 4 scrolls of identify
 t - 2 scrolls of teleportation
 x - 2 scrolls of enchant armour
 y - a scroll of fog {unknown}
 z - a scroll of blinking
 A - 2 scrolls of enchant weapon
 H - a scroll of noise {unknown}
 M - a scroll of torment {unknown}
 Q - a scroll of amnesia {unknown}
Potions
 d - 2 potions of might
 h - 3 potions of haste
 i - 4 potions of curing
 l - 2 potions of brilliance
 n - a potion of resistance
 w - 3 potions of heal wounds
 B - a potion of cancellation
 D - 4 potions of lignification
 G - a potion of agility {unknown}
Comestibles
 e - 18 rations
 C - 5 chunks of flesh


   Skills:
 + Level 9.4 Fighting
 - Level 10.0 Short Blades
 + Level 9.4 Dodging
 + Level 12.5 Stealth
 - Level 4.1 Shields
 - Level 2.0 Spellcasting
 - Level 6.1 Hexes


You had 9 spell levels left.
You knew the following spells:

 Your Spells              Type           Power        Failure   Level  Hunger
a - Confuse               Hex            ###.....     4%          3    ###....
b - Tukima's Dance        Hex            ###.....     4%          3    ###....

Your spell library contained the following spells:

 Spells                   Type           Power        Failure   Level  Hunger
 Confusing Touch          Hex            ###...       1%          1    #......
 Corona                   Hex            ###....      1%          1    #......
 Ensorcelled Hibernation  Hex/Ice        ##....       9%          2    ###....
 Cause Fear               Hex            ###.......   17%         4    #####..
 Dazzling Spray           Conj/Hex       ##....       19%         3    ###....
 Animate Skeleton         Necr           N/A          21%         1    #......
 Apportation              Tloc           #.....       21%         1    #......
 Beastly Appendage        Tmut           #.....       21%         1    #......
 Flame Tongue             Conj/Fire      #....        21%         1    #......
 Summon Butterflies       Summ           #.......     21%         1    #......
 Summon Small Mammal      Summ           #...         21%         1    #......
 Sticks to Snakes         Tmut           #.......     30%         2    ###....
 Lesser Beckoning         Tloc           #.........   52%         3    ###....
 Spider Form              Tmut/Pois      #.........   52%         3    ###....
 Ice Form                 Ice/Tmut       #.......     90%         4    #####..
 Invisibility             Hex            ###.....     95%         6    #######
 Alistair's Intoxication  Tmut/Pois      #.......     99%         5    ######.
 Blade Hands              Tmut           #.........   99%         5    ######.
 Bolt of Fire             Conj/Fire      #.........   100%        6    #######
 Dragon Form              Tmut           #.........   100%        7    #######
 Dragon's Call            Summ           #.........   100%        9    #######


Dungeon Overview and Level Annotations

Branches:
Dungeon (9/15)             Temple (0/1) D:4            Lair (3/6) D:8
  Snake (0/4) Lair:3
  Swamp: Lair:2-4    Shoals: Lair:2-4       Orc: D:9-12

Altars:
Cheibriados
Dithmenos
Gozag
Kikubaaqudgha
Makhleb
Okawaru
Ru
Trog
Uskayaw
Vehumet
Xom
Yredelemnul
Zin

Shops:
D:6 !

Annotations:
D:4 1 exclusion
Lair:2 Gastronok


Innate Abilities, Weirdness & Mutations

You cannot wear most types of armour.
You are very stealthy in the water. (Stealth+)
You are amphibious.
You can wear up to eight rings at the same time.
You can use your tentacles to constrict eight enemies at once.
Your skin changes colour to match your surroundings (Stealth+).
Your rubbery body absorbs attacks. (AC +1, EV +1)


Message History

You kill the bullfrog!
Dithmenos accepts your kill.
You see here 4 stones.
Found a stone staircase leading up.
A hippogriff comes into view.
The helpless hippogriff fails to defend itself.
You stick the hippogriff like a pincushion!!!!
You kill the hippogriff!
Dithmenos accepts your kill.
You butcher the hippogriff corpse.
C - 6 chunks of flesh You see here a hippogriff skeleton. x2
Eating one of 6 chunks of flesh.
You eat one of the 6 chunks of flesh.
This raw flesh tastes terrible.
A hippogriff comes into view.
A five-headed hydra comes into view.
Found a stone staircase leading down.
The helpless hippogriff fails to defend itself.
You skewer the hippogriff like a kebab!!!!
You kill the hippogriff!
Dithmenos accepts your kill.
Your shadow sometimes tangibly mimics your actions.
The five-headed hydra roars!
Okay, then.
Evoke which item? (* to show all) (? for menu, Esc to quit)
Okay, then.
Evoke which item? (* to show all) (? for menu, Esc to quit)
Aiming: Throw Flame
Press: ? - help, Shift-Dir - straight line, f - five-headed hydra
Aim: a five-headed hydra (umbra)
The puff of flame hits the five-headed hydra.
The five-headed hydra is lightly wounded.
Evoke which item? (* to show all) (? for menu, Esc to quit)
Aiming: Throw Flame
Press: ? - help, Shift-Dir - straight line, f/p - five-headed hydra
Aim: a five-headed hydra (lightly wounded, umbra)
The puff of flame hits the five-headed hydra.
The five-headed hydra is lightly wounded.
You hit the five-headed hydra.
The five-headed hydra is poisoned.
The five-headed hydra is lightly wounded.
You block the five-headed hydra's attack.
The five-headed hydra misses you.
You block the five-headed hydra's attack.
The five-headed hydra completely misses you.
The five-headed hydra barely misses you.
You barely miss the five-headed hydra.
Your squeeze misses the five-headed hydra.
The five-headed hydra is lightly wounded.
Your shadow hits the five-headed hydra with a dagger.
You hit the five-headed hydra. You squeeze the five-headed hydra!
The five-headed hydra is moderately wounded.
The five-headed hydra closely misses you.
The five-headed hydra misses you.
The five-headed hydra completely misses you. x2
The five-headed hydra barely misses you.
You hit the five-headed hydra.
The five-headed hydra is moderately wounded.
You hit the five-headed hydra. You squeeze the five-headed hydra.
The five-headed hydra is moderately wounded.
Your shadow hits the five-headed hydra with a dagger.
The five-headed hydra closely misses you.
The five-headed hydra bites you! x2
You block the five-headed hydra's attack. x2
You hit the five-headed hydra.
The five-headed hydra is heavily wounded.
Your shadow hits the five-headed hydra but does no damage.
You hit the five-headed hydra.
The five-headed hydra is heavily wounded.
The five-headed hydra barely misses you.
You block the five-headed hydra's attack.
The five-headed hydra bites you. The five-headed hydra bites you!!
You block the five-headed hydra's attack.
You hit the five-headed hydra.
Your squeeze misses the five-headed hydra.
The five-headed hydra is severely wounded.
A blink frog comes into view.
The blink frog gives a loud, deep croak!
You puncture the five-headed hydra!
The five-headed hydra looks as sick as possible!
Your squeeze misses the five-headed hydra.
The five-headed hydra is severely wounded.
You hear a loud, deep croak!
The five-headed hydra bites you!
The five-headed hydra closely misses you. x2
The five-headed hydra completely misses you.
The five-headed hydra bites you but does no damage.
You hit the five-headed hydra.
Your squeeze misses the five-headed hydra.
The five-headed hydra is severely wounded.
Your shadow hits the five-headed hydra but does no damage.
You hit the five-headed hydra.
The five-headed hydra looks as sick as possible!
The five-headed hydra is severely wounded.
The blink frog blinks!
The five-headed hydra bites you! x2
* * * LOW HITPOINT WARNING * * *
The five-headed hydra closely misses you.
The five-headed hydra bites you!
* * * LOW HITPOINT WARNING * * *
The five-headed hydra bites you!
You die...

≈≈≈.≈≈≈≈≈..#
.≈≈≈≈≈≈≈..... ..P
..≈≈≈≈≈.....# ...
.......P...## ...#
P......#...## ....P
............########....#
#.#........##.#..#......#
....................F...#
................@D......#
.........................
.....##..###.....P.#..##.
#.#.#.#.....#............
÷...........#...#........
#.#.#.#...............§..
............#........>...
#.#.#.#.................
<...............#...


You could see a five-headed hydra and a blink frog.

Vanquished Creatures
  A hydra (Lair:1)
  A two-headed ogre (D:9)
  Urug (Lair:1)
  2 oklob plants (Lair:1)
  8 spiny frogs
  A rime drake (Lair:1)
  6 komodo dragons
  6 hippogriffs
  4 blink frogs (Lair:1)
  3 wyverns
  5 yaks (Lair:1)
  Edmund (D:6)
  Menkaure (D:6)
  2 nagas (Lair:3)
  2 water moccasins (Lair:3)
  Duvessa (D:6)
  6 porcupines
  A black bear (D:7)
  A sky beast (D:5)
  4 ogres
  An ice beast (D:5)
  3 wolves (Lair:2)
  2 phantoms
  A centaur (D:7)
  6 crocodiles
  A big kobold (D:7)
  13 bullfrogs
  Dowan (D:6)
  2 scorpions (D:4)
  6 killer bees (D:7)
  An electric eel (Lair:2)
  2 crimson imps
  3 hounds
  2 jellies
  3 orc priests
  7 orc wizards
  3 centaur skeletons
  Jessica (D:3)
  4 iguanas
  4 worker ants
  A statue (D:6)
  Robin (D:2)
  2 worker ant zombies
  11 adders
  3 gnolls
  A shadow imp (D:6)
  2 oozes
  3 worms
  3 dart slugs
  5 leopard geckos
  20 orcs
  5 giant cockroaches
  9 goblins
  9 hobgoblins
  11 jackals
  9 quokkas
  2 ball pythons
  5 bats
  6 frilled lizards
  16 kobolds
  A quokka skeleton (D:6)
  5 rats (D:1)
  A plant (Lair:1)
254 creatures vanquished.

Vanquished Creatures (others)
  An orc (D:7)
  2 fungi (Lair:1)
  5 plants
8 creatures vanquished.

Grand Total: 262 creatures vanquished

Notes
Turn   | Place    | Note
-------+----------+-------------------------------------------
     0 | D:1      | AxeAttX the Octopode Monk began the quest for the Orb.
     0 | D:1      | Reached XP level 1. HP: 16/16 MP: 1/1
   105 | D:1      | Reached skill level 3 in Stealth
   114 | D:1      | Reached XP level 2. HP: 8/21 MP: 2/2
   466 | D:1      | Reached skill level 4 in Stealth
   466 | D:1      | Reached XP level 3. HP: 8/26 MP: 3/3
  1201 | D:2      | Reached XP level 4. HP: 18/31 MP: 4/4
  1463 | D:2      | Reached skill level 4 in Short Blades
  1570 | D:2      | Reached skill level 1 in Shields
  1613 | D:2      | Noticed Robin
  1644 | D:2      | Killed Robin
  1926 | D:2      | Reached skill level 5 in Stealth
  1926 | D:2      | Reached XP level 5. HP: 32/36 MP: 5/5
  2266 | D:3      | Noticed Jessica
  2271 | D:3      | Killed Jessica
  2303 | D:3      | Found a shadowy altar of Dithmenos.
  2355 | D:3      | Became a worshipper of Dithmenos the Shadowed
  2355 | D:3      | Reached * piety under Dithmenos
  2355 | D:3      | Reached ** piety under Dithmenos
  2387 | D:3      | Found an opulent altar of Gozag.
  2515 | D:3      | Reached skill level 2 in Shields
  2688 | D:3      | Found a burning altar of Makhleb.
  2783 | D:3      | Found a hide-covered altar of Uskayaw.
  2918 | D:4      | Reached XP level 6. HP: 42/42 MP: 6/6
  3018 | D:4      | Noticed a phantom
  3146 | D:4      | Killed a phantom
  3146 | D:4      | Reached skill level 5 in Short Blades
  3146 | D:4      | Reached skill level 6 in Stealth
  3235 | D:4      | Reached skill level 3 in Shields
  3324 | D:4      | Found a staircase to the Ecumenical Temple.
  3331 | D:4      | Reached XP level 7. HP: 46/46 MP: 7/7
  3385 | D:4      | Found a snail-covered altar of Cheibriados.
  3611 | D:4      | Noticed a moth of wrath
  3614 | D:4      | Found a bloodstained altar of Trog.
  3695 | D:4      | Reached skill level 7 in Stealth
  3929 | D:5      | Entered Level 5 of the Dungeon
  4021 | D:5      | Found a bloodstained altar of Trog.
  4073 | D:5      | Found a basalt altar of Yredelemnul.
  4073 | D:5      | Found a glowing silver altar of Zin.
  4188 | D:5      | Reached skill level 4 in Shields
  4213 | D:5      | Reached skill level 6 in Short Blades
  4220 | D:5      | Reached *** piety under Dithmenos
  4220 | D:5      | Reached skill level 8 in Stealth
  4220 | D:5      | Reached XP level 8. HP: 15/52 MP: 8/8
  4609 | D:5      | Reached skill level 7 in Short Blades
  5032 | D:6      | Noticed Duvessa
  5032 | D:6      | Noticed Dowan
  5036 | D:6      | Killed Dowan
  5044 | D:6      | Killed Duvessa
  5078 | D:6      | Found an iron altar of Okawaru.
  5120 | D:6      | Noticed Edmund
  5142 | D:6      | Killed Edmund
  5142 | D:6      | Reached skill level 8 in Short Blades
  5312 | D:6      | Found Arghukk's Distillery.
  5315 | D:6      | Bought 2 potions of heal wounds for 150 gold pieces
  5315 | D:6      | Bought a potion of haste for 150 gold pieces
  5332 | D:6      | Noticed Menkaure
  5343 | D:6      | Killed Menkaure
  5653 | D:6      | Found a shimmering altar of Xom.
  5737 | D:6      | Found a radiant altar of Vehumet.
  5907 | D:7      | Reached XP level 9. HP: 57/57 MP: 9/9
  6133 | D:7      | You fall through a shaft for 2 floors!
  6208 | D:9      | Reached skill level 4 in Dodging
  6211 | D:9      | Reached skill level 4 in Fighting
  6214 | D:9      | Reached skill level 9 in Stealth
  6477 | D:9      | Noticed a two-headed ogre
  6483 | D:9      | Killed a two-headed ogre
  6483 | D:9      | Reached skill level 9 in Short Blades
  6545 | D:8      | Found a staircase to the Lair.
  6546 | D:8      | Noticed a komodo dragon
  6616 | D:7      | Reached skill level 5 in Dodging
  6625 | D:7      | Reached skill level 5 in Fighting
  6642 | D:7      | Reached skill level 10 in Stealth
  7113 | D:7      | Reached XP level 10. HP: 65/66 MP: 10/10
  7121 | D:7      | Reached **** piety under Dithmenos
  7841 | D:8      | Reached skill level 6 in Dodging
  7913 | D:8      | Found an ancient bone altar of Kikubaaqudgha.
  8527 | D:8      | Reached skill level 6 in Fighting
  8927 | D:9      | Found a sacrificial altar of Ru.
  9220 | Lair:1   | Entered Level 1 of the Lair of Beasts
  9220 | Lair:1   | Noticed a spiny frog
  9223 | Lair:1   | Killed a spiny frog
  9223 | Lair:1   | Reached skill level 11 in Stealth
  9270 | Lair:1   | Reached skill level 10 in Short Blades
  9566 | Lair:1   | Noticed a four-headed hydra
  9568 | Lair:1   | Noticed a spiny frog
  9569 | Lair:1   | Killed a four-headed hydra
  9569 | Lair:1   | Reached skill level 7 in Fighting
  9569 | Lair:1   | Reached skill level 7 in Dodging
  9569 | Lair:1   | Reached skill level 12 in Stealth
  9572 | Lair:1   | Killed a spiny frog
  9572 | Lair:1   | Reached XP level 11. HP: 69/75 MP: 6/11
  9707 | Lair:1   | Reached skill level 8 in Fighting
  9707 | Lair:1   | Reached skill level 8 in Dodging
 10046 | Lair:1   | Noticed an oklob plant
 10046 | Lair:1   | Noticed an oklob plant
 10050 | Lair:1   | Killed an oklob plant
 10051 | Lair:1   | Killed an oklob plant
 10066 | Lair:1   | Learned a level 3 spell: Confuse
 10224 | Lair:1   | Reached skill level 1 in Hexes
 10235 | Lair:1   | Reached skill level 1 in Spellcasting
 10533 | Lair:1   | Noticed Urug
 10536 | Lair:1   | Killed Urug
 10536 | Lair:1   | Reached skill level 2 in Hexes
 10607 | Lair:1   | Reached skill level 2 in Spellcasting
 10636 | Lair:1   | Reached skill level 9 in Fighting
 10636 | Lair:1   | Reached skill level 9 in Dodging
 10675 | Lair:1   | Reached skill level 3 in Hexes
 10980 | Lair:2   | Reached skill level 4 in Hexes
 11012 | Lair:2   | Learned a level 3 spell: Tukima's Dance
 11122 | Lair:2   | Reached skill level 5 in Hexes
 11367 | Lair:2   | Reached XP level 12. HP: 85/85 MP: 15/15
 11403 | Lair:2   | Reached skill level 6 in Hexes
 11405 | Lair:2   | Noticed Gastronok
 12410 | Lair:3   | Found a staircase to the Snake Pit.
 12607 | Lair:3   | Noticed a five-headed hydra
 12625 | Lair:3   | HP: 12/86 [five-headed hydra (15)]
 12625 | Lair:3   | HP: 4/86 [five-headed hydra (8)]
 12625 | Lair:3   | Mangled by a five-headed hydra

Skill      XL: |  1  2  3  4  5  6  7  8  9 10 11 12 |
---------------+-------------------------------------+-----
Stealth        | 3 4 5 6 8 10 12 | 12.5
Short Blades   | 4 5 6 8 9 10 | 10.0
Shields        | 1 2 3 4 |  4.1
Dodging        | 5 7 9 |  9.4
Fighting       | 5 7 9 |  9.4
Hexes          | 5 6 |  6.1
Spellcasting   | 2 |  2.0

Action                   |  1- 3 |  4- 6 |  7- 9 | 10-12 || total
-------------------------+-------+-------+-------+-------++-------
Melee: Dagger            |    54 |   134 |   211 |   281 ||   680
       Short sword       |     3 |       |       |       ||     3
       Constrict         |    16 |    22 |    32 |    19 ||    89
       Tentacles         |     7 |    24 |    38 |    67 ||   136
Throw: Javelin           |       |       |       |     4 ||     4
Invok: Shadow Step       |       |       |     1 |     5 ||     6
Evoke: Wand              |       |       |       |     2 ||     2
  Use: Scroll            |       |    12 |     1 |     8 ||    21
       Potion            |       |       |     2 |       ||     2
 Stab: Sleeping          |     4 |    19 |    33 |    53 ||   109
       Distracted        |       |     1 |       |     4 ||     5
  Eat: Chunk             |     1 |     7 |    11 |    17 ||    36
Armor: Skin              |     4 |     5 |     9 |    14 ||    32
Dodge: Dodged            |    34 |    37 |    55 |    86 ||   212
Block: Buckler           |     1 |    17 |    40 |    58 ||   116
       Reflection        |       |       |     5 |     1 ||     6

Vault maps used:
D:1:      dpeg_arrival_fog, serial_forest, infiniplex_forest_lined_3_way,
          infiniplex_forest_diagonal, infiniplex_forest_clump_small,
          infiniplex_forest_end_2, infiniplex_forest_clump_small,
          infiniplex_forest_lined_2, infiniplex_forest_end_2, serial_park_tiny_1
D:2:      uniq_robin
D:3:      makhleb_heckhound_becter, lemuel_crystal_altar, lemuel_crystal_altar,
          grunt_dithmenos_smoke_and_mirrors, uniq_jessica
D:4:      wad_woods_tower, nicolae_overflow_crystal_walls, tgw_trog,
          minmay_temple_entry_statues, first_ration, hangedman_feature_mirror
D:5:      gammafunk_temple_overflow_wave, minmay_misc_feat_roman, minivault_5,
          trog_butcher_becter
D:6:      nicolae_overflow_hidden_temple, vehumet_statue, serial_shops,
          kennysheep_mini, okawaru_gym_becter, uniq_edmund, uniq_menkaure,
          uniq_crazy_yiuf_cottage, uniq_duvessa
D:8:      overflow_temple_1_default, david_lair_shrubbed
D:9:      lemuel_round_altar
Lair:1:   beast_lair_carwin_1, grunt_megastairs_5, minmay_lair_oklob_chamber,
          uniq_urug
Lair:2:   serial_bayou_lagoon_a, grunt_megastairs_4, uniq_gastronok
Lair:3:   guppyfry_snake_entry_island, st_stairs_8

Table legend:
 A = Turns spent in this place as a percentage of turns spent in the entire game.
 B = Non-inter-level travel turns spent in this place as a percentage of non-inter-level travel turns spent in the entire game.
 C = Inter-level travel turns spent in this place as a percentage of turns spent in this place.
 D = Turns resting spent in this place as a percentage of non-inter-level travel turns spent in this place.
 E = Turns spent auto-exploring this place as a percentage of non-inter-level travel turns spent in this place.
 F = Non-inter-level travel turns spent in this place divided by the number of levels of this place that you've seen.
                   A       B       C       D       E      F
               +-------+-------+-------+-------+-------+----------------------
         Total | 100.0 | 100.0 |   3.9 |  16.6 |  65.1 | 1011.4
       Dungeon |  73.0 |  72.6 |   4.5 |  11.9 |  71.3 | 978.7
          Lair |  27.0 |  27.4 |   2.2 |  29.2 |  48.7 | 1109.7
               +-------+-------+-------+-------+-------+----------------------

Table legend:
 A = Kills in this place as a percentage of kills in entire the game.
 B = Kills by you in this place as a percentage of kills by you in the entire game.
 C = Kills by friends in this place as a percentage of kills by friends in the entire game.
 D = Other kills in this place as a percentage of other kills in the entire game.
 E = Experience gained in this place as a percentage of experience gained in the entire game.
 F = Experience gained in this place divided by the number of levels of this place that you have seen.
                   A       B       C       D       E      F
               +-------+-------+-------+-------+-------+----------------------
         Total | 100.0 | 100.0 |   N/A | 100.0 | 100.0 | 1804.2
       Dungeon |  75.2 |  75.1 |   N/A | 100.0 |  28.7 | 690.9
          Lair |  24.8 |  24.9 |   N/A |   0.0 |  71.3 | 5144.3
               +-------+-------+-------+-------+-------+----------------------
